 Dungeon Crawl Stone Soup version 0.18.1-1-g2f07953 (webtiles) character file.

16597 Korgoth the Basher (level 12, -20/165 HPs)
             Began as a Minotaur Berserker on May 9, 2016.
             Was an Elder of Trog.
             Killed from afar by a starcursed mass (illusionary) (30 damage)
             ... with an accursed screaming
             ... on level 2 of the Abyss.
             The game lasted 03:04:50 (14391 turns).

Korgoth the Basher (Minotaur Berserker)            Turns: 14391, Time: 03:04:51

Health: -20/165    AC: 26    Str: 28    XL:     12   Next: 11%
Magic:  11/11      EV:  2    Int:  4    God:    Trog [****..]
Gold:   625        SH: 17    Dex: 16    Spells: 0 memorised, 11 levels left

rFire  + . .     SeeInvis .     W - +3 whip (vamp)
rCold  x . .     Gourm    .     (armour currently unavailable)
rNeg   + + +     Faith    .     y - +0 large shield
rPois  +         Spirit   .     (helmet currently unavailable)
rElec  .         Dismiss  +     (cloak currently unavailable)
rCorr  .         Reflect  .     (gloves currently unavailable)
SustAt .         Harm     .     (boots currently unavailable)
MR     .....     NoTele   +     M - amulet of dismissal
Stlth  ++........               d - +2 ring of dexterity
                                D - ring of fire

@: agile, tree-form, drained, not resistant to hostile enchantments, unstealthy
A: (retaliatory headbutt), (horns 0)
a: Berserk, Trog's Hand, Brothers in Arms, Burn Spellbooks, Renounce Religion


You were on level 2 of the Abyss.
You worshipped Trog.
Trog was greatly pleased with you.
You were not hungry.
You were a tree.
You visited 2 branches of the dungeon, and saw 15 of its levels.
You visited the Abyss 1 time.
You also visited: Ossuary.

You collected 1081 gold pieces.
You spent 456 gold pieces at shops.

Inventory:

Hand Weapons
 w - a +4 greatsling of freezing
 x - a +2 vampiric great mace
 A - a +3 flail of protection
 E - a +2 antimagic flail
 G - a +4 longbow of velocity
 W - a +3 vampiric whip (weapon)
 X - a +1 falchion of flaming
Missiles
 p - 5 javelins of returning (quivered)
Armour
 e - a +2 plate armour (melded)
 o - a +1 pair of boots (melded)
 v - a +0 cloak
 y - a +0 large shield (worn)
 z - a +0 pair of gloves (melded)
Jewellery
 d - a +2 ring of dexterity (right branch)
 i - an uncursed amulet of faith
 j - an uncursed amulet of guardian spirit
 D - a ring of fire (left branch)
 M - an amulet of dismissal (around neck)
Wands
 H - a wand of hasting (4/9)
 I - a wand of slowing (29/48)
 K - a wand of polymorph (24/24)
 Z - a wand of lightning (11/15)
Scrolls
 a - 3 scrolls of recharging
 l - 4 scrolls of random uselessness
 m - 2 scrolls of vulnerability
 r - a scroll of teleportation
 B - 4 scrolls of noise
 C - 4 scrolls of fog
 F - a scroll of magic mapping
 P - 4 scrolls of immolation
Potions
 b - 6 potions of mutation
 g - 2 potions of berserk rage
 k - a potion of lignification
 t - 2 potions of brilliance
 J - a potion of curing
 O - a potion of flight {unknown}
 Q - 2 potions of ambrosia
 R - a potion of invisibility {unknown}
 S - a potion of cancellation {unknown}
 T - a potion of haste
 U - a potion of experience {unknown}
Miscellaneous
 h - a fan of gales
 s - a box of beasts
 Y - a plain deck of defence
Comestibles
 c - 7 bread rations
 f - 4 royal jellies
 q - 2 fruits
 N - 3 meat rations


   Skills:
 + Level 11.0(10.6) Fighting
 + Level 13.2(12.8) Maces & Flails
 + Level 1.0(0.7) Throwing
 + Level 11.3(10.9) Armour
 + Level 9.6(9.2) Dodging
 - Level 0.3(0.0) Stealth
 + Level 7.6(7.3) Shields


You had 11 spell levels left.
You didn't know any spells.

Dungeon Overview and Level Annotations

Branches:
Dungeon (13/15)            Temple (0/1) D:5            Lair (0/8) D:9
    Orc (2/2) D:12
    Elf: Orc:2       Vaults: D:13-14

Altars:
Kikubaaqudgha
Okawaru
Pakellas
Qazlal
Xom

Shops:
D:7 *   D:8 ?   D:9 [   D:11 =   Orc:1 *

Annotations:
D:2 Sigmund
Orc:2 Erolcha


Innate Abilities, Weirdness & Mutations

((You reflexively headbutt those who attack you in melee.))
((You have a pair of horns on your head.))


Message History

The rakshasa hits you with a long sword.
* * * LOW HITPOINT WARNING * * *
Your amulet of dismissal vibrates suddenly!
The rakshasa disappears!
A starcursed mass splits. x3
You're too confused!
You cannot move. (Use ctrl+direction to attack without moving.)
You cannot move. (Use ctrl+direction to attack without moving.)
You swing at nothing.
The hell hog bites you but does no damage.
A starcursed mass splits. x3
You feel better.
You feel less invigorated.
You block the starcursed mass's attack. x2
The hell hog bites you but does no damage.
The starcursed mass engulfs you.
* * * LOW HITPOINT WARNING * * *
A starcursed mass splits.
The starcursed mass engulfs you.
* * * LOW HITPOINT WARNING * * *
A starcursed mass splits.
A cacophony of accursed wailing tears at your sanity!
You die...

. ..
....$..8.≈ .
.≈..##...≈. .
##.#'.#.§≈ ##
#...'..8§ #..
#...'...
##..##≈..#
#8...§≈h.#
..#....XXx##
#.≈≈§..♣XXX#
..#.###hXXX.#
#


#.XXXXXX.. #..X...XX≈# ..'.h...#(..# .8......## ≈..# ...'.###.# ### .....# ..
You could see 17 starcursed masses, 3 hell hogs and a small abomination.

Vanquished Creatures
  Josephine (Orc:1)
  The ghost of Eucla the Martial Artist, a novice DsMo of Okawaru (D:10)
  An unseen horror (D:11)
  A hill giant (D:11)
  An orc knight (Orc:1)
  5 orc sorcerers
  A cyclops (D:12)
  Joseph (D:9)
  Maurice (Orc:1)
  A smoke demon (Abyss:2)
  2 trolls
  Grinder (D:3)
  2 two-headed ogres
  3 wraiths (Orc:1)
  2 humans (D:10)
  2 hungry ghosts
  A chaos spawn (Abyss:2)
  A warg (Orc:2)
  2 hippogriffs
  Menkaure (D:4)
  Duvessa (D:5)
  8 orc warriors
  2 black bears
  3 ice beasts
  4 sky beasts
  2 phantoms
  2 necrophages (D:9)
  An eye of draining (D:11)
  10 centaurs
  10 ogres
  2 crocodiles
  2 big kobolds
  A gnoll sergeant (D:9)
  5 giant frogs
  Dowan (D:5)
  A water moccasin skeleton (D:9)
  7 scorpions
  9 killer bees
  10 wights
  2 howler monkeys (D:9)
  5 crimson imps
  3 centaur zombies
  4 hounds
  3 jellies
  2 quasits
  3 giant frog skeletons
  4 orc priests
  A gnoll shaman (D:7)
  6 centaur skeletons
  4 iguanas
  2 human zombies (Ossuary)
  13 orc wizards
  7 worker ants
  3 sheep (D:12)
  A killer bee zombie (D:10)
  A hound skeleton (D:9)
  A hound zombie (D:6)
  3 mummies (Ossuary)
  A howler monkey zombie (D:7)
  20 gnolls
  A river rat (D:9)
  A scorpion zombie (Ossuary)
  14 adders
  A shadow imp (D:11)
  An adder zombie (D:5)
  An adder skeleton (D:4)
  5 worms
  5 dart slugs
  9 giant geckos
  51 orcs
  5 giant cockroaches
  3 goblins (D:3)
  5 hobgoblins
  14 kobolds
  8 quokkas
  A ball python (D:3)
  11 bats
  2 giant cockroach zombies
  A giant gecko skeleton (D:4)
  3 giant newts
  2 gnoll zombies (Ossuary)
  2 goblin zombies (Ossuary)
  A jackal skeleton (D:4)
  A kobold zombie (Ossuary)
  2 orc zombies (Ossuary)
  A quokka skeleton (D:4)
  11 rats
  2 rat zombies (D:6)
  A fungus (D:9)
366 creatures vanquished.

Vanquished Creatures (others)
  3 scorpions (Ossuary)
  An orc wizard (Orc:2)
4 creatures vanquished.

Grand Total: 370 creatures vanquished

Notes
Turn   | Place    | Note
--------------------------------------------------------------
     0 | D:1      | Korgoth the Minotaur Berserker began the quest for the Orb.
     0 | D:1      | Reached XP level 1. HP: 19/19 MP: 0/0
   171 | D:1      | Reached skill level 4 in Maces & Flails
   219 | D:1      | Reached XP level 2. HP: 20/27 MP: 1/1
  1049 | D:2      | Noticed Sigmund
  1077 | D:3      | Noticed Grinder
  1079 | D:3      | Paralysed by Grinder for 2 turns
  1098 | D:3      | Killed Grinder
  1098 | D:3      | Reached skill level 5 in Maces & Flails
  1098 | D:3      | Reached XP level 3. HP: 34/34 MP: 2/2
  1098 | D:3      | Reached XP level 4. HP: 41/41 MP: 3/3
  1098 | D:3      | Reached XP level 5. HP: 47/47 MP: 4/4
  1151 | D:3      | Reached ** piety under Trog
  1172 | D:3      | Reached XP level 6. HP: 42/55 MP: 5/5
  1644 | D:3      | Reached skill level 6 in Maces & Flails
  1870 | D:3      | Reached skill level 5 in Fighting
  1878 | D:3      | Reached XP level 7. HP: 54/61 MP: 6/6
  2091 | D:3      | Reached skill level 5 in Dodging
  2504 | D:4      | Reached *** piety under Trog
  2609 | D:4      | Reached skill level 5 in Armour
  3049 | D:4      | Noticed Menkaure
  3054 | D:4      | Killed Menkaure
  3054 | D:4      | Reached skill level 7 in Maces & Flails
  3304 | D:5      | Entered Level 5 of the Dungeon
  3317 | D:5      | Reached XP level 8. HP: 59/70 MP: 7/7
  3389 | D:5      | Found a staircase to the Ecumenical Temple.
  4051 | D:5      | Noticed Duvessa
  4051 | D:5      | Noticed Dowan
  4060 | D:5      | Killed Duvessa
  4065 | D:5      | Killed Dowan
  4329 | D:6      | Reached **** piety under Trog
  4594 | D:6      | Reached skill level 8 in Maces & Flails
  4721 | D:6      | Found a sand-covered staircase.
  4732 | Ossuary  | Entered an ossuary
  5162 | D:6      | Reached XP level 9. HP: 71/79 MP: 8/8
  5732 | D:6      | Found a stormy altar of Qazlal.
  5774 | D:6      | Received a gift from Trog
  5774 | D:6      | Reached skill level 9 in Maces & Flails
  6381 | D:7      | Reached ***** piety under Trog
  7172 | D:7      | Found Jesicw's Assorted Antiques.
  7176 | D:7      | Bought a glowing great mace for 227 gold pieces
  7581 | D:8      | Found Ahawn's Magic Scroll Emporium.
  7604 | D:8      | Bought a scroll of identify for 24 gold pieces
  7630 | D:8      | Reached skill level 10 in Maces & Flails
  7661 | D:8      | Identified the Almanac of Fiery Transformation
  8011 | D:8      | Reached XP level 10. HP: 87/90 MP: 9/9
  8391 | D:9      | Received a gift from Trog
  8462 | D:9      | Found a staircase to the Lair.
  8742 | D:9      | Found Piacuk Ysowk's Antique Armour Shop.
  8891 | D:9      | Noticed Joseph
  8916 | D:9      | Killed Joseph
  9016 | D:9      | Reached skill level 11 in Maces & Flails
  9301 | D:9      | Found an oddly glowing altar of Pakellas.
  9367 | D:10     | Entered Level 10 of the Dungeon
  9439 | D:10     | Noticed Eucla's ghost (novice DsMo)
  9455 | D:10     | Killed Eucla's ghost
  9455 | D:10     | Reached skill level 10 in Fighting
  9588 | D:10     | Found an iron altar of Okawaru.
  9750 | D:10     | Received a gift from Trog
  9760 | D:10     | Reached skill level 12 in Maces & Flails
 10168 | D:11     | Reached XP level 11. HP: 71/100 MP: 10/10
 10327 | D:11     | Noticed a hill giant
 10337 | D:11     | Killed a hill giant
 10461 | D:11     | Found a shimmering altar of Xom.
 10612 | D:11     | Found Wamnoce's Jewellery Boutique.
 10851 | D:11     | Reached skill level 10 in Armour
 10933 | D:11     | Reached skill level 1 in Shields
 10990 | D:11     | Killed an unseen horror
 11551 | D:12     | Found a staircase to the Orcish Mines.
 11574 | D:12     | Reached ****** piety under Trog
 11940 | Orc:1    | Entered Level 1 of the Orcish Mines
 11940 | Orc:1    | Noticed an orc sorcerer
 11953 | Orc:1    | Killed an orc sorcerer
 12035 | Orc:1    | Noticed an orc sorcerer
 12035 | Orc:1    | Noticed an orc knight
 12341 | D:12     | Noticed an eight-headed hydra
 12452 | D:12     | Received a gift from Trog
 13067 | Orc:1    | Noticed Josephine
 13083 | Orc:1    | Noticed Maurice
 13097 | Orc:1    | Killed Josephine
 13097 | Orc:1    | Reached skill level 13 in Maces & Flails
 13097 | Orc:1    | Reached skill level 5 in Shields
 13125 | Orc:1    | Killed Maurice
 13138 | Orc:1    | Killed an orc sorcerer
 13315 | Orc:1    | Killed an orc knight
 13324 | Orc:1    | Reached skill level 1 in Throwing
 13532 | Orc:1    | Found Goschu's Assorted Antiques.
 13621 | Orc:1    | Bought a potion of heal wounds for 205 gold pieces
 13811 | Orc:2    | Entered Level 2 of the Orcish Mines
 13953 | Orc:2    | Found an ancient bone altar of Kikubaaqudgha.
 13953 | Orc:2    | Noticed an orc sorcerer
 13962 | Orc:2    | Killed an orc sorcerer
 14010 | Orc:2    | Reached XP level 12. HP: 110/110 MP: 11/11
 14027 | Orc:2    | Paralysed by an orc sorcerer for 5 turns
 14058 | Orc:2    | Paralysed by an orc sorcerer for 3 turns
 14071 | Orc:2    | Paralysed by an orc sorcerer for 2 turns
 14245 | Orc:2    | Noticed Erolcha
 14247 | Orc:2    | Noticed an ogre mage
 14247 | Orc:2    | Noticed an ogre mage
 14270 | Orc:2    | Cast into level 2 of the Abyss (an ogre mage)
 14365 | Abyss:2  | Noticed a hell hog
 14373 | Abyss:2  | Noticed a hell hog
 14376 | Abyss:2  | Noticed a hell hog
 14376 | Abyss:2  | Noticed a rakshasa
 14381 | Abyss:2  | Noticed a starcursed mass
 14381 | Abyss:2  | Noticed a starcursed mass
 14385 | Abyss:2  | HP: 2/165 [starcursed mass/accursed screaming (9)]
 14391 | Abyss:2  | Killed from afar by a starcursed mass (illusionary)

Skill      XL: |  1  2  3  4  5  6  7  8  9 10 11 |
---------------+----------------------------------+-----
Maces & Flails | 4 5 6 7 8 10 12 13 | 13.2
Fighting       | 4 5 7 8 10 11 | 11.0
Armour         | 3 4 5 6 8 9 11 | 11.3
Dodging        | 3 4 6 7 8 9 |  9.6
Shields        | 7 |  7.6
Throwing       | 1 |  1.0
Stealth        | |  0.3

Action                   |  1- 3 |  4- 6 |  7- 9 | 10-12 || total
-------------------------+-------+-------+-------+-------++-------
Melee: Mace              |    44 |    34 |       |       ||    78
       Headbutt          |     6 |    21 |    74 |   190 ||   291
       Flail             |       |    46 |   139 |    67 ||   252
       Morningstar       |       |       |   274 |       ||   274
       Whip              |       |       |       |   730 ||   730
Throw: Javelin           |       |       |     2 |     2 ||     4
Invok: Burn Spellbooks   |       |       |     3 |     3 ||     6
       Berserk           |       |       |       |     1 ||     1
  Use: Potion            |     2 |       |       |    15 ||    17
       Scroll            |     1 |       |    11 |    24 ||    36
  Eat: Chunk             |       |     3 |     3 |    14 ||    20
       Pizza             |       |       |     2 |     1 ||     3
       Fruit             |       |       |     2 |     1 ||     3
       Meat ration       |       |       |     1 |     2 ||     3
       Bread ration      |       |       |     2 |       ||     2
       Beef jerky        |       |       |     1 |     1 ||     2
Armor: Animal skin       |     4 |       |       |       ||     4
       Ring mail         |     9 |    15 |    98 |       ||   122
       Scale mail        |     1 |    17 |    36 |    21 ||    75
       Plate armour      |       |       |     6 |   270 ||   276
       Skin              |       |       |       |    31 ||    31
Dodge: Dodged            |    22 |    53 |   273 |   219 ||   567
Block: Large shield      |       |       |       |   341 ||   341
